 Dungeon Crawl Stone Soup version 0.30-a0-329-g85436e0a43 (webtiles) character file.

Game seed: 13618909950965347074

158 SmokeWeed the Slasher (level 5, -2/45 HPs)
             Began as a Minotaur Gladiator on Oct 29, 2022.
             Was an Initiate of Okawaru.
             Slain by an orc
             ... wielding a +0 club
              (3 damage)
             ... on level 4 of the Dungeon.
             The game lasted 00:13:19 (3223 turns).

SmokeWeed the Slasher (Minotaur Gladiator)          Turns: 3223, Time: 00:13:19

Health: -2/45      AC: 13    Str: 20    XL:     5   Next: 16%
Magic:  4/4        EV:  7    Int:  5    God:    Okawaru [......]
Gold:   141        SH:  0    Dex: 12    Spells: 4/4 levels left

rFire   . . .      SeeInvis .    x - +7 club
rCold   . . .      Faith    .    (no shield)
rNeg    + . .      Spirit   .    u - +0 plate armour
rPois   .          Reflect  .    c - +0 hat
rElec   .          Harm     .    (no cloak)
rCorr   .          Rampage  .    y - +0 pair of gloves
Will    .....                    m - +0 pair of boots
Stlth   ..........               (no amulet)
HPRegen 0.27/turn                p - ring of positive energy
MPRegen 0.09/turn                (no ring)

@: mighty
A: horns 2, retaliatory headbutt
a: Renounce Religion


You were on level 4 of the Dungeon.
You worshipped Okawaru.
Okawaru was noncommittal.
You visited 2 branches of the dungeon, and saw 6 of its levels.

You collected 141 gold pieces.

Inventory:

Hand Weapons
 a - a +1 long sword
 x - a +7 club (weapon)
Missiles
 d - 4 throwing nets
 e - a javelin
 l - 40 stones
 n - 6 poisoned darts
 q - 6 boomerangs (quivered)
Armour
 b - a +0 leather armour
 c - a +0 hat (worn)
 f - a +0 scale mail
 m - a +0 pair of boots (worn)
 u - a +0 plate armour (worn)
 y - a +0 pair of gloves (worn)
Jewellery
 p - a ring of positive energy (left hand)
Wands
 i - a wand of mindburst (20)
 o - a wand of charming (4)
 w - a wand of flame (11)
Scrolls
 v - a scroll of identify
 z - a scroll of amnesia {unknown}
Potions
 g - a potion of curing {unknown}
 h - a potion of cancellation {unknown}
 k - 2 potions of haste {unknown}
 r - a potion of flight {unknown}
 s - a potion of degeneration {unknown}
 t - a potion of ambrosia {unknown}
 A - a potion of heal wounds {unknown}


   Skills:
 + Level 3.5 Fighting
 + Level 5.2 Long Blades
 + Level 2.1 Throwing
 + Level 2.5 Armour
 + Level 3.9 Dodging


You had 4 spell levels left.
You didn't know any spells.
Your spell library contained the following spells:

 Spells                   Type           Power      Damage    Failure   Level
 Summon Small Mammal      Summ           Unusable   N/A       N/A         1
 Call Canine Familiar     Summ           Unusable   N/A       N/A         3
 Summon Guardian Golem    Hex/Summ       Unusable   N/A       N/A         3

Dungeon Overview and Level Annotations

Branches:
Dungeon (5/15)             Temple (1/1) D:4

Altars:
Ashenzari
Cheibriados
Elyvilon
Fedhas
Gozag
Hepliaklqana
Kikubaaqudgha
Makhleb
Nemelex Xobeh
Okawaru
Qazlal
Ru
Sif Muna
Trog
Uskayaw
Vehumet
Wu Jian
Xom
Yredelemnul
Zin
The Shining One


Innate Abilities, Weirdness & Mutations

You have a pair of horns on your head.
You reflexively headbutt those who attack you in melee.


Message History

There is a stone staircase leading down here.
The orc attacks as you move away! The orc hits you but does no damage.
The gnoll hits you but does no damage. The gnoll closely misses you.
The gnoll bouda hits you but does no damage.
The gnoll hits you with a +0 flail.
The gnoll bouda attacks as you move away!
The gnoll bouda completely misses you.
The gnoll bouda barks out a call to the hunt!
The gnolls pick up the pace!
You barely miss the gnoll.
The gnoll is severely wounded.
The gnoll hits you with a +0 flail.
You barely miss the gnoll.
The gnoll is severely wounded.
The gnoll hits you with a +0 flail.
* * * LOW HITPOINT WARNING * * *
You barely miss the gnoll.
The gnoll is severely wounded.
The gnoll hits you with a +0 flail!
* * * LOW HITPOINT WARNING * * *
You feel very mighty all of a sudden. The gnoll hits you with a +0 flail.
* * * LOW HITPOINT WARNING * * *
The gnoll bouda calls upon its god to heal the gnoll.
The gnoll is healed somewhat.
You bludgeon the gnoll!!
You kill the gnoll!
Okawaru accepts your kill. The gnoll bouda closely misses you.
You furiously retaliate!
You headbutt the gnoll bouda!
Your Armour skill increases to level 2!
You sock the gnoll bouda!
You kill the gnoll bouda!
Okawaru accepts your kill. The gnoll closely misses you.
The gnoll hits you from afar with a +0 halberd.
* * * LOW HITPOINT WARNING * * *
You have reached level 5!
You closely miss the orc. The orc hits you with a +0 club.
You die...

#.# #.# #.# ########[###.# #.#
#.# #.# ##.##.# #.# #.# #.#
##.#.# #.# #.# ##.## ###... #†#
#.###...### #..... #.#
#.....#>..# #.#### #.#
#####..g#.# #.# #.# ##o##.# #.#
##.# #@##.# #.# #..# #.##.# #.#
#.## #.##.# #.# ## #.# #####
#.##.# ##.###. ##.## ##...##
#.##.# #...... #...####.....#
#.##.#######....#.
#............###.#..........##.#.
#...####.....##.....##########.#.
##### ##...###..#.## #.#.


You could see a gnoll (swift) and an orc.

Vanquished Creatures
  A gnoll bouda (D:4)
  Ijyb (D:4)
  4 adders
  A gnoll (D:4)
  A dart slug (D:4)
  A worm (D:3)
  3 orcs
  A bat (D:1)
  5 endoplasms
  3 giant cockroaches
  4 goblins
  4 hobgoblins (D:1)
  4 quokkas
  5 ball pythons
  6 frilled lizards
  5 kobolds
  4 rats
53 creatures vanquished.

Notes
Turn   | Place    | Note
-------+----------+-------------------------------------------
     0 | D:1      | SmokeWeed the Minotaur Gladiator began the quest for the
                  | Orb.
     0 | D:1      | Reached XP level 1. HP: 18/18 MP: 0/0
    97 | D:1      | Reached skill level 4 in Long Blades
   102 | D:1      | Reached XP level 2. HP: 21/25 MP: 1/1
   742 | D:2      | Found a shimmering blue altar of Sif Muna.
   849 | D:2      | Reached XP level 3. HP: 27/31 MP: 2/2
   970 | D:2      | Found a faded altar of an unknown god.
  1511 | D:3      | Reached skill level 5 in Long Blades
  1511 | D:3      | Reached XP level 4. HP: 38/38 MP: 3/3
  2147 | D:4      | Found a staircase to the Ecumenical Temple.
  2158 | Temple   | Entered the Ecumenical Temple
  2192 | Temple   | Became a worshipper of Warmaster Okawaru
  2713 | D:4      | Noticed Ijyb
  2729 | D:4      | HP: 1/38 [Ijyb/puff of flame (12)]
  2730 | D:4      | Killed Ijyb
  2731 | D:4      | Reached skill level 1 in Armour
  3183 | D:5      | Entered Level 5 of the Dungeon
  3222 | D:4      | HP: 1/38 [gnoll/+0 halberd[a gnoll bouda] (2)]
  3223 | D:4      | Reached XP level 5. HP: 1/45 MP: 4/4
  3223 | D:4      | Slain by an orc

Illustrated notes

Levels and vault maps discovered:
D:1:      zaba_arrival_water, layout_basic
D:2:      layout_basic, chequers_ecumenical_altar_island, basic_altar,
          kennysheep_generic_room_12
D:3:      layout_rooms, small_statue_intersection, st_stairs_12
D:4:      layout_loops_ring, minmay_temple_entry_overgrown, uniq_ijyb
D:5:      layout_basic, overflow_temple_1_default
Temple:   regret_index_temple_sigil_plot

Skill      XL: |  1  2  3  4 |
---------------+-------------+-----
Long Blades    | 4 5 |  5.2
Fighting       | 3 |  3.5
Armour         | 2 |  2.5
Throwing       | |  2.1
Dodging        | |  3.9

Action                   |  1- 3 |  4- 6 || total
-------------------------+-------+-------++-------
Melee: Long sword        |    93 |    39 ||   132
       Headbutt          |    15 |     5 ||    20
       Punch             |     1 |       ||     1
       Club              |       |    11 ||    11
Throw: Boomerang         |     2 |     5 ||     7
  Use: Scroll            |     5 |       ||     5
       Potion            |       |     1 ||     1
Armor: Scale mail        |    41 |     4 ||    45
       Plate armour      |       |    13 ||    13
Dodge: Dodged            |    49 |    16 ||    65

Table legend: (Time is in decaauts)
 A = Elapsed time spent in this place.
 B = Non-inter-level travel time spent in this place.
 C = Inter-level travel time spent in this place.
 D = Time resting spent in this place.
 E = Time spent auto-exploring this place.
 F = Levels seen in this place.
 G = Mean time per level.
                   A        B        C        D        E       F      G
               +--------+--------+--------+--------+--------+-----+--------+
         Total |   3255 |   3166 |     89 |    138 |   2362 |   6 |  542.5 |
       Dungeon |   2862 |   2824 |     38 |    138 |   2039 |   5 |  572.4 |
        Temple |    393 |    342 |     51 |      0 |    323 |   1 |  393.0 |
               +--------+--------+--------+--------+--------+-----+--------+

Top non-repeatable levels by time:
     D:2: 797 daAuts
     D:4: 776 daAuts
     D:1: 712 daAuts
     D:3: 544 daAuts
  Temple: 393 daAuts
     D:5: 30 daAuts
